Map: Hardwire LE

Players

Nookie

  • Race: Protoss Protoss
  • League: Platinum

FancyHans - Winner!

  • Race: Terran Terran
  • League: Gold

VOD

Have the link to the VOD?

Description

Time

  • Played on: April 21, 2022, 2:24 p.m.
  • Length: 7:51
Show
View Real Time Build Order
Export as new Build Order

Nookie Protoss 

Build Orders: Oracle Opening 

Get SALT Encoding   

  12  0:01  Probe  
  13  0:13  Probe  
  14  0:20  Pylon  
  14  0:26  Probe  
  15  0:38  Probe  
  15  0:39  Gateway  
  16  0:50  Probe  
  16  0:52  Assimilator  
  17  1:02  Probe (Chrono Boost)  
  18  1:11  Probe (Chrono Boost)  
  18  1:13  Gateway  
  18  1:16  Probe  
  19  1:28  Probe  
  20  1:37  Cybernetics Core  
  20  1:38  Pylon  
  20  1:40  Probe  
  20  1:46  Assimilator  
  21  1:52  Probe  
  22  2:05  Probe  
  23  2:14  Stalker x2  
  27  2:33  Probe  
  27  2:35  Stargate  
  28  2:48  Nexus  
  28  2:50  Probe  
  29  3:02  Warp Gate (Chrono Boost)  
  29  3:03  Probe  
  30  3:15  Probe (Chrono Boost)  
  31  3:33  Pylon  
  31  3:51  Oracle (Chrono Boost), Twilight Council, Probe  
  35  4:03  Probe  
  35  4:05  Stalker x2  
  35  4:08  Probe  
  41  4:15  Probe  
  42  4:20  Probe  
  42  4:21  Pylon  
  43  4:25  Oracle (Chrono Boost)  
  43  4:27  Probe  
  47  4:32  Probe  
  48  4:45  Probe x2  
  50  4:54  Assimilator  
  50  4:56  Forge  
  50  4:57  Assimilator, Probe x2  
  50  4:59  Stalker x2  
  56  5:01  Oracle (Chrono Boost)  
  59  5:17  Gateway  
  59  5:27  Pylon  
  59  5:29  Pylon  
  59  5:32  Probe  
  59  5:33  Gateway, Probe  
  61  5:35  Gateway  
  61  5:37  Gateway  
  61  5:39  Gateway  
  61  5:57  Stalker  
  50  6:34  Cybernetics Core  
  50  6:37  Gateway x2  
  50  6:44  Photon Cannon  
  50  6:46  Photon Cannon  
  49  6:49  Photon Cannon  
  53  6:55  Void Ray (Chrono Boost)  
  53  7:07  Pylon  
  53  7:10  Pylon  
  53  7:11  Pylon  
Show
View Real Time Build Order
Export as new Build Order

FancyHans Terran - Winner!

Build Orders:  

Get SALT Encoding   

  12  0:00  SCV  
  13  0:12  SCV  
  14  0:18  Supply Depot  
  14  0:24  SCV  
  15  0:39  SCV  
  15  0:42  Barracks  
  16  0:50  Refinery  
  16  0:52  SCV  
  17  1:14  SCV  
  18  1:26  SCV  
  19  1:35  Marine  
  19  1:38  Command Center  
  20  1:46  Orbital Command  
  20  1:53  Barracks Reactor  
  20  2:13  Factory, Supply Depot  
  20  2:14  SCV  
  21  2:26  SCV  
  21  2:29  Marine  
  23  2:34  Marine  
  24  2:38  SCV  
  26  2:51  Marine  
  26  2:52  Marine  
  26  2:54  Orbital Command  
  27  2:58  Factory Tech Lab  
  27  2:59  Refinery  
  27  3:03  SCV  
  28  3:09  Marine  
  28  3:10  Marine  
  30  3:15  SCV  
  30  3:17  Siege Tank  
  34  3:23  SCV  
  34  3:27  Marine, SCV  
  35  3:28  Marine  
  38  3:35  SCV  
  38  3:37  Starport  
  38  3:39  SCV  
  40  3:44  Marine  
  40  3:46  Marine  
  40  3:47  SCV  
  43  3:51  SCV  
  43  3:54  Refinery  
  44  3:56  Refinery  
  44  3:59  SCV  
  44  4:02  Marine  
  45  4:04  Supply Depot  
  46  4:25  Medivac, Siege Tank, Marine, SCV x2  
  46  4:26  Supply Depot x2  
  54  4:47  Marine x2, SCV x2  
  58  4:53  Supply Depot x2  
  58  4:55  Viking  
  58  4:57  Siege Tank  
  58  4:59  SCV x2  
  65  5:05  Marine x2  
  67  5:17  SCV x2  
  69  5:23  Marine, Command Center  
  69  5:25  Viking  
  72  5:29  SCV x2  
  74  5:41  SCV  
  74  5:42  SCV  
  74  5:53  SCV  
  75  6:03  Barracks  
  75  6:04  Factory Tech Lab, Barracks  
  70  6:41  Siege Tank  
  70  6:42  Starport Reactor  
  70  6:44  Marine  
  74  6:54  SCV  
  74  6:55  SCV  
  74  6:56  Orbital Command  
  76  7:02  Marine  
  76  7:06  SCV  
  76  7:07  SCV  
  79  7:13  Siege Tank  
Tags
 
Add a new tag
Caveats
  • Supply blocks, unpowered buildings, or Contaminate may cause inaccurate times.
  • Supply counts are checked every 10 seconds.